 Dungeon Crawl Stone Soup version 0.28.0 (webtiles) character file.

Game seed: 4449686096262394

7889 danielguo94 the Basher (level 11, -12/66 HPs)
             Began as a Gargoyle Fighter on Feb 8, 2022.
             Was a High Priest of the Shining One.
             Mangled by a death knight (27 damage)
             ... on level 11 of the Dungeon.
             The game lasted 00:15:24 (11843 turns).

danielguo94 the Basher (Gargoyle Fighter)          Turns: 11843, Time: 00:15:26

Health: -12/66     AC: 22    Str: 22    XL:     11   Next: 22%
Magic:  15/15      EV:  7    Int:  9    God:    the Shining One [*****.]
Gold:   437        SH: 11    Dex: 11    Spells: 10/10 levels left

rFire   . . .      SeeInvis .   a - +0 flail
rCold   + . .      Faith    .   r - +2 kite shield
rNeg    + + +      Spirit   .   L - +0 chain mail
rPois   ∞          Reflect  .   m - +0 helmet
rElec   +          Harm     .   (no cloak)
rCorr   .          Rampage  .   k - +0 pair of gloves
Will    .....                   b - +0 pair of boots
Stlth   ..........              (no amulet)
HPRegen 0.21/turn               y - ring of protection from cold
MPRegen 0.14/turn               j - ring of willpower

@: weak-willed, glowing
A: sickness immunity, AC +8, negative energy resistance 1, electricity
resistance, torment resistance 1, petrification resistance
a: Renounce Religion, Divine Shield, Cleansing Flame, Summon Divine Warrior


You were on level 11 of the Dungeon.
You worshipped the Shining One.
The Shining One was extremely pleased with you.
You visited 2 branches of the dungeon, and saw 12 of its levels.
You also visited: Sewer and Ossuary.

You collected 674 gold pieces.
You spent 237 gold pieces at shops.

Inventory:

Hand Weapons
 a - a +0 flail (weapon)
 K - a +2 war axe of flaming
Missiles
 e - 263 stones
 f - 8 boomerangs
 n - 4 curare-tipped darts
 B - 15 poisoned darts
 G - a throwing net
Armour
 b - a +0 pair of boots (worn)
 k - a +0 pair of gloves (worn)
 m - a +0 helmet (worn)
 r - a +2 kite shield (worn)
 L - a +0 chain mail (worn)
Jewellery
 j - a ring of willpower (right hand)
 y - a ring of protection from cold (left hand)
 z - a ring of magical power
Wands
 d - a wand of flame (52) (quivered)
 J - a wand of digging (4)
Scrolls
 c - 3 scrolls of noise {unknown}
 i - 6 scrolls of enchant weapon
 l - 2 scrolls of enchant armour
 p - 3 scrolls of immolation {unknown}
 u - a scroll of holy word {unknown}
 v - 4 scrolls of fear
 w - 8 scrolls of teleportation
 x - a scroll of amnesia {unknown}
 A - a scroll of silence {unknown}
 C - a scroll of vulnerability {unknown}
 D - a scroll of brand weapon {unknown}
Potions
 g - 4 potions of mutation {unknown}
 h - a potion of magic {unknown}
 o - 2 potions of ambrosia {unknown}
 q - 3 potions of attraction
 s - 2 potions of curing
 t - 3 potions of flight
 E - a potion of might
 F - 2 potions of haste {unknown}
 H - a potion of invisibility {unknown}
 I - a potion of heal wounds


   Skills:
 + Level 6.6 Fighting
 * Level 12.2 Maces & Flails
 + Level 0.2 Throwing
 + Level 7.3 Armour
 + Level 3.2 Dodging
 + Level 7.3 Shields
 * Level 5.7 Invocations
 + Level 0.6 Evocations


You had 10 spell levels left.
You didn't know any spells.
Your spell library contained the following spells:

 Spells                   Type           Power      Damage    Failure   Level
 Magic Dart               Conj           0%         1d3       100%        1
 Call Imp                 Summ           0%         N/A       100%        2
 Wereblood                Tmut           0%         N/A       100%        2
 Dazzling Flash           Conj/Hex       0%         N/A       100%        3
 Mephitic Cloud           Conj/Pois/Air  0%         N/A       100%        3
 Hailstorm                Conj/Ice       0%         3d3       100%        4
 Ice Form                 Ice/Tmut       0%         N/A       100%        4
 Iskenderun's Mystic Bla  Conj/Tloc      0%         2d3       100%        4
 Leda's Liquefaction      Hex/Erth       0%         N/A       100%        4
 Petrify                  Tmut/Erth      0%         N/A       100%        4
 Fireball                 Conj/Fire      0%         3d3       100%        5
 Lee's Rapid Deconstruct  Erth           0%         3d5*      100%        5
 Simulacrum               Ice/Necr       0%         N/A       100%        6
 Starburst                Conj/Fire      0%         6d3       100%        6
 Summon Hydra             Summ           0%         N/A       100%        7
 Ignition                 Fire           0%         3d3       100%        8
 Shatter                  Erth           0%         3d5*      100%        9
 Sublimation of Blood     Necr           Unusable   N/A       N/A         2
 Statue Form              Tmut/Erth      Unusable   N/A       N/A         6

Dungeon Overview and Level Annotations

Branches:
Dungeon (11/15)            Temple (1/1) D:4            Lair (0/6) D:10
  Sewer (visited)         Ossuary (visited)
    Orc: D:9-12

Altars:
Cheibriados
Elyvilon
Fedhas
Gozag
Hepliaklqana
Kikubaaqudgha
Makhleb
Nemelex Xobeh
Qazlal
Ru
Sif Muna
Trog
Uskayaw
Vehumet
Wu Jian
Yredelemnul
Zin
The Shining One

Shops:
D:1 [   D:3 ?   D:4 **[


Innate Abilities, Weirdness & Mutations

You are immune to sickness and miasma.
Your stone body is resilient. (AC +8)
You are immune to poison.
You resist negative energy. (rN+)
You are resistant to electric shocks. (rElec)
You are resistant to unholy torment.
You are immune to petrification.


Message History

You destroy the wraith!
The Shining One accepts your kill.
You can now summon a divine warrior.
No target in view!
No target in view!
A freezing wraith comes into view.
A freezing wraith is nearby!
A death knight and a phantasmal warrior come into view.
Found a trident.
You feel yourself speed up. The phantasmal warrior gestures at you.
The phantasmal warrior blinks!
The freezing wraith hits you. The freezing wraith freezes you! You resist.
The freezing wraith hits you but does no damage.
You block the phantasmal warrior's attack.
The death knight hits you from afar with a +3 glaive!
The freezing wraith hits you but does no damage.
The freezing wraith barely misses you.
Unknown command.
The phantasmal warrior gestures at you.
The phantasmal warrior blinks!
The death knight offers itself to Yredelemnul, and fills with unholy energy.
The death knight's dark mirror aura disappears.
The phantasmal warrior gestures at you.
The phantasmal warrior blinks!
You barely miss the phantasmal warrior.
The death knight offers itself to Yredelemnul, and fills with unholy energy.
The phantasmal warrior hits you!!
* * * LOW HITPOINT WARNING * * *
Your willpower is stripped away!
You completely miss the phantasmal warrior.
The freezing wraith hits you but does no damage. x2
You block the phantasmal warrior's attack.
You barely miss the phantasmal warrior. You thump the phantasmal warrior!
The phantasmal warrior is moderately damaged.
You block the phantasmal warrior's attack.
You block the freezing wraith's attack.
The freezing wraith hits you but does no damage.
The death knight hits you from afar with a +3 glaive!!
You die...

#.# #.# #.# #<# #.#
####### #.# #.....# #.#
#.###.######
#.###################.#
#..p.pW.
#.............W@Wp....#
########
#######################


You could see a death knight (reflects damage), a phantasmal warrior and a
freezing wraith.

Vanquished Creatures
  A two-headed ogre (D:7)
  An unseen horror (D:6)
  Prince Ribbit (D:9)
  Grinder (D:3)
  A hornet (D:8)
  Sigmund (D:3)
  2 wraiths
  8 yaks
  3 vampire mosquitoes (D:10)
  A steam dragon (D:8)
  2 wargs (D:10)
  2 acid dragons
  2 water moccasins
  5 orc warriors
  A black bear (D:7)
  3 ice beasts
  2 sky beasts (D:8)
  2 centaurs
  A bullfrog (D:8)
  3 kobold brigands
  An elf zombie (Ossuary)
  2 gnoll sergeants
  A scorpion (D:6)
  6 killer bees
  3 electric eels (D:6)
  6 centaur zombies
  A bullfrog zombie (D:6)
  2 hounds
  A human zombie (Ossuary)
  A bullfrog skeleton (D:4)
  5 orc priests
  Ijyb (D:3)
  4 iguanas
  9 orc wizards
  A killer bee zombie (D:8)
  3 mummies
  9 gnolls
  A howler monkey skeleton (D:3)
  7 adders
  2 river rats (Sewer)
  2 ufetubi (D:5)
  3 adder zombies (Ossuary)
  2 worms
  A dart slug (D:3)
  36 orcs
  8 bats
  5 endoplasms
  4 giant cockroaches (D:4)
  6 hobgoblins
  A jackal (Sewer)
  9 quokkas
  5 ball pythons
  4 frilled lizards
  9 goblins
  A goblin zombie (Ossuary)
  10 hobgoblin zombies (Ossuary)
  2 jackal zombies (Ossuary)
  12 kobolds
  12 kobold zombies (Ossuary)
  5 orc zombies (Ossuary)
  7 rats
  A rat zombie (Ossuary)
254 creatures vanquished.

Vanquished Creatures (others)
  A plant (D:10)
1 creature vanquished.

Grand Total: 255 creatures vanquished

Notes
Turn   | Place    | Note
-------+----------+-------------------------------------------
     0 | D:1      | danielguo94 the Gargoyle Fighter began the quest for the
                  | Orb.
     0 | D:1      | Reached XP level 1. HP: 14/14 MP: 1/1
   193 | D:1      | Found a faded altar of an unknown god.
   378 | D:1      | Reached XP level 2. HP: 14/19 MP: 2/2
   379 | D:1      | You fall into a shaft and drop 1 floor!
   486 | D:1      | Found Tiam Ech's Antique Armour Boutique.
   575 | D:1      | Reached XP level 3. HP: 21/23 MP: 3/3
  1134 | D:3      | Noticed Grinder
  1141 | D:3      | Paralysed by Grinder for 6 turns
  1430 | D:3      | Paralysed by Grinder for 6 turns
  1461 | D:3      | Paralysed by Grinder for 7 turns
  1468 | D:3      | Killed Grinder
  1469 | D:3      | Reached skill level 4 in Maces & Flails
  1469 | D:3      | Reached XP level 4. HP: 5/29 MP: 4/4
  1469 | D:3      | Reached XP level 5. HP: 6/33 MP: 5/5
  1469 | D:3      | Reached XP level 6. HP: 7/38 MP: 6/6
  1806 | D:3      | Found a sacrificial altar of Ru.
  1905 | D:3      | Found Qasaob's Magic Scroll Shoppe.
  1933 | D:3      | Bought a scroll of enchant armour for 97 gold pieces
  1933 | D:3      | Bought a scroll of identify for 26 gold pieces
  2021 | D:3      | Noticed Ijyb
  2034 | D:3      | Killed Ijyb
  2035 | D:3      | Reached skill level 1 in Dodging
  2525 | D:3      | Found a faded altar of an unknown god.
  2525 | D:3      | Found a hazy altar of Hepliaklqana.
  2528 | D:3      | Found a faded altar of an unknown god.
  2528 | D:3      | Found a faded altar of an unknown god.
  2695 | D:3      | Noticed Sigmund
  2707 | D:3      | Killed Sigmund
  2708 | D:3      | Reached skill level 5 in Maces & Flails
  2708 | D:3      | Reached XP level 7. HP: 30/43 MP: 7/7
  2880 | D:4      | Found a radiant altar of Vehumet.
  2941 | D:4      | Found Vajol's Armour Boutique.
  2959 | D:4      | Found a hide-covered altar of Uskayaw.
  3065 | D:4      | Reached skill level 6 in Maces & Flails
  3100 | D:4      | Found a glowing drain.
  3121 | Sewer    | Entered a sewer
  3331 | Sewer    | Found a white marble altar of Elyvilon.
  3418 | D:4      | Found a staircase to the Ecumenical Temple.
  3508 | D:4      | Found Foleramm's Specific Store.
  3511 | D:4      | Found Ulaal's General Store.
  3520 | D:4      | Bought a scroll of teleportation for 30 gold pieces
  3520 | D:4      | Bought a potion of curing for 30 gold pieces
  3689 | Temple   | Entered the Ecumenical Temple
  3699 | Temple   | Became a worshipper of the Shining One
  3718 | D:5      | Entered Level 5 of the Dungeon
  3878 | D:5      | Reached XP level 8. HP: 48/48 MP: 8/8
  3886 | D:5      | Got the Disquisition on the Mountains
  3974 | D:5      | Reached skill level 5 in Armour
  3980 | D:5      | Reached skill level 7 in Maces & Flails
  4426 | D:6      | Found a sand-covered staircase.
  4436 | Ossuary  | Entered an ossuary
  4443 | Ossuary  | Reached * piety under the Shining One
  4486 | Ossuary  | Reached ** piety under the Shining One
  4540 | Ossuary  | Reached *** piety under the Shining One
  4813 | D:6      | Found an ancient bone altar of Kikubaaqudgha.
  4813 | D:6      | Found a blossoming altar of Fedhas.
  4905 | D:6      | Reached skill level 1 in Invocations
  5121 | D:6      | Reached skill level 8 in Maces & Flails
  5121 | D:6      | Reached skill level 5 in Shields
  5411 | D:6      | Noticed an unseen horror
  5428 | D:6      | Killed an unseen horror
  5429 | D:6      | Reached skill level 5 in Fighting
  5429 | D:6      | Reached XP level 9. HP: 54/54 MP: 10/10
  5598 | D:5      | Reached skill level 9 in Maces & Flails
  6194 | D:7      | Reached **** piety under the Shining One
  6358 | D:7      | Noticed a two-headed ogre
  6790 | D:8      | Reached skill level 10 in Maces & Flails
  6888 | D:8      | Noticed a hornet
  7138 | D:8      | Reached XP level 10. HP: 21/60 MP: 12/12
  8005 | D:9      | Found a glowing silver altar of Zin.
  8265 | D:9      | Noticed Prince Ribbit
  8305 | D:9      | Killed Prince Ribbit
  8419 | D:9      | Reached skill level 11 in Maces & Flails
  9240 | D:7      | Killed a two-headed ogre
  9241 | D:7      | Reached skill level 5 in Invocations
  9503 | D:7      | Found an ornate altar of the Wu Jian Council.
  9722 | D:10     | Entered Level 10 of the Dungeon
  9897 | D:10     | Found a snail-covered altar of Cheibriados.
  9988 | D:10     | Reached XP level 11. HP: 53/66 MP: 14/14
 10292 | D:10     | HP: 1/66 [acid dragon/splash of acid (22)]
 10643 | D:10     | Found a staircase to the Lair.
 10666 | D:10     | Reached skill level 12 in Maces & Flails
 11626 | D:4      | Bought a +0 pair of boots for 54 gold pieces
 11812 | D:11     | Reached ***** piety under the Shining One
 11814 | D:11     | Noticed a death knight
 11814 | D:11     | Noticed a phantasmal warrior
 11843 | D:11     | Mangled by a death knight

Illustrated notes

Levels and vault maps discovered:
D:1:      ncdulo_smallfort, layout_basic, serial_shops, shop,
          chequers_ecumenical_altar_simple_redux, minmay_tetromino_l2
D:2:      layout_basic
D:3:      layout_loops_ring, nicolae_ru_sacrificial_ziggurat,
          nicolae_hepliaklqana_ecumenical_no_more, serial_shops,
          nicolae_shop_advertising_works [nicolae_subvault_shop_adworks],
          grunt_decor_arrowhead, dk_noncrumbling_2, uniq_sigmund, uniq_ijyb,
          uniq_grinder
D:4:      layout_cave_pools, vehumet_altar_wand_db,
          eat_drink_and_be_merry_uskayaw, temple_fountains, serial_shops,
          nicolae_shop_behind_doors, gup_sewer_entry_pipe,
          nicolae_specific_store, corexii_checkpoint_a
D:5:      layout_loops_ring, minmay_misc_feat_alley,
          minmay_misc_feat_four_crosses
D:6:      layout_basic, grunt_temple_overflow_growth_and_decay,
          gup_ossuary_entry_pyramid, water_boxes_lemuel
D:7:      layout_loops_ring, lemuel_coloured_pillars_altar
D:8:      layout_loops_corners, grunt_tough_drop
D:9:      layout_rooms, mainiacjoe_overflow_small_starburst, uniq_prince_ribbit1
D:10:     layout_stronghold, mainiacjoe_overflow_catwalk,
          erik_lair_orcish_takeover, grunt_decor_cap
D:11:     layout_loops_ring, serial_shops, nicolae_shop_crystal
Temple:   cyrus_circular_temple

Skill      XL: |  1  2  3  4  5  6  7  8  9 10 11 |
---------------+----------------------------------+-----
Maces & Flails | 4 5 6 8 10 11 12 | 12.2
Armour         | 4 5 6 7 |  7.3
Dodging        | 1 2 3 |  3.2
Fighting       | 4 5 6 |  6.6
Shields        | 4 5 6 7 |  7.3
Invocations    | 2 3 5 |  5.7
Throwing       | |  0.2
Evocations     | |  0.6

Action                   |  1- 3 |  4- 6 |  7- 9 | 10-12 || total
-------------------------+-------+-------+-------+-------++-------
Melee: Flail             |   114 |    77 |   610 |   358 ||  1159
Throw: Dart              |       |       |       |     4 ||     4
Evoke: Wand              |       |       |     3 |     5 ||     8
  Use: Potion            |     1 |       |     3 |     1 ||     5
       Scroll            |       |     2 |     2 |     4 ||     8
Armor: Scale mail        |    83 |    40 |   327 |   108 ||   558
       Chain mail        |       |       |       |    21 ||    21
Dodge: Dodged            |    49 |    26 |   205 |    87 ||   367
Block: Buckler           |    26 |     9 |       |       ||    35
       Kite shield       |       |    12 |   371 |   211 ||   594
